 Dungeon Crawl Stone Soup version 0.30-a0-29-g142975f185 (webtiles) character file.

Game seed: 4887359179973365161

2760 ragingrage the Zephyrmancer (level 9, -8/51 HPs)
             Began as a Tengu Air Elementalist on Aug 26, 2022.
             Was a Follower of Ru.
             Mangled by a two-headed ogre
             ... wielding a +0 giant spiked club
              (27 damage)
             ... on level 8 of the Dungeon.
             The game lasted 00:10:21 (10743 turns).

ragingrage the Zephyrmancer (TeAE)                 Turns: 10743, Time: 00:10:21

Health: -8/51      AC:  3    Str:  5    XL:     9   Next: 69%
Magic:  14/18      EV: 15    Int: 20    God:    Ru [*.....]
Gold:   378        SH:  0    Dex: 14    Spells: 9/19 levels left

rFire   . . .      SeeInvis .    E - +1 rapier (drain)
rCold   + . .      Faith    .    (no shield)
rNeg    + + .      Spirit   .    o - +0 leather armour of the Hurricane {rPois rN++ rCorr Str-4}
rPois   +          Reflect  .    (helmet restricted)
rElec   .          Harm     .    (no cloak)
rCorr   +          Rampage  .    (no gloves)
Will    .....                    (boots unavailable)
Stlth   ++........               (no amulet)
HPRegen 0.17/turn                B - ring of protection from cold
MPRegen 0.16/turn                (no ring)

@: flying quickly and evasively, quick
A: beak, talons 3, unskilled 1, nimble flight
a: Renounce Religion


You were on level 8 of the Dungeon.
You worshipped Ru.
Ru was aware of your devotion.
You visited 2 branches of the dungeon, and saw 9 of its levels.

You collected 378 gold pieces.

Inventory:

Hand Weapons
 l - a +1 dagger of venom
 z - a +0 whip of freezing
 A - a +3 mace
 D - a +1 vorpal broad axe
 E - a +1 rapier of draining (weapon)
Missiles
 g - a throwing net
 w - 9 poisoned darts
Armour
 a - a +0 robe
 o - the +0 leather armour of the Hurricane (worn) {rPois rN++ rCorr Str-4}
   (You found it on level 3 of the Dungeon)

   Str:       It affects your strength (-4).
   rPois:     It protects you from poison.
   rN:        It greatly protects you from negative energy.
   rCorr:     It protects you from acid and corrosion.
Jewellery
 B - a ring of protection from cold (left hand)
Wands
 t - a wand of flame (49)
 C - a wand of light (12)
Scrolls
 b - 9 scrolls of identify {unknown}
 j - 4 scrolls of noise {unknown}
 k - a scroll of magic mapping {unknown}
 m - 2 scrolls of enchant weapon {unknown}
 r - a scroll of brand weapon {unknown}
 u - 2 scrolls of enchant armour {unknown}
 v - a scroll of vulnerability {unknown}
 x - a scroll of teleportation {unknown}
 y - a scroll of amnesia {unknown}
 F - a scroll of immolation {unknown}
Potions
 c - a potion of might {unknown}
 d - 5 potions of curing {unknown}
 e - 4 potions of flight {unknown}
 f - 2 potions of attraction {unknown}
 h - 2 potions of heal wounds {unknown}
 i - a potion of lignification {unknown}
 n - a potion of haste {unknown}
 p - a potion of ambrosia {unknown}
 q - 2 potions of invisibility {unknown}
 s - a potion of mutation {unknown}


   Skills:
 + Level 3.3 Fighting
 + Level 4.4 Dodging
 - Level 1.7 Stealth
 + Level 5.6 Spellcasting
 + Level 6.6 Conjurations
 + Level 10.3 Air Magic


You had 9 spell levels left.
You knew the following spells:

 Your Spells              Type           Power      Damage    Failure   Level
a - Shock                 Conj/Air       100%       1d9       1%          1
b - Static Discharge      Conj/Air       78%        3-8/arc   1%          2
c - Swiftness             Air            46%        N/A       1%          3
d - Airstrike             Air            23%        2d(4-20)  2%          4

Your spell library contained the following spells:

 Spells                   Type           Power      Damage    Failure   Level
 Ensorcelled Hibernation  Hex/Ice        10%        N/A       28%         2
 Passwall                 Tmut/Erth      4%         N/A       28%         2
 Irradiate                Conj/Tmut      9%         3d14      78%         5
 Blade Hands              Tmut           2%         N/A       99%         5
 Dragon Form              Tmut           2%         N/A       100%        7


Dungeon Overview and Level Annotations

Branches:
Dungeon (8/15)             Temple (1/1) D:6
   Lair: D:8-11

Altars:
Ashenzari
Cheibriados
Elyvilon
Fedhas
Gozag
Hepliaklqana
Makhleb
Nemelex Xobeh
Okawaru
Qazlal
Ru
Sif Muna
Vehumet
Wu Jian
Xom
Yredelemnul
Zin
The Shining One

Annotations:
D:3 2 transporters, fingers's ghost, novice MiFi
D:6 2 runed translucent doors, exclusion: sky beast, fingers's ghost, novice HuBe


Innate Abilities, Weirdness & Mutations

You have a beak for a mouth.
You have claws for feet.
You are somewhat unskilled. (-1 Apt)
Your magical nature lets you fly swiftly and evasively.


Message History

The zap hits the two-headed ogre.
The two-headed ogre is moderately wounded.
Unknown command.
Casting: Shock (safe; 1% risk of failure)
Confirm with . or Enter, or press ? or * to list all spells.
Aiming: Shock (safe; 1% risk of failure)
Press: ? - help, Shift-Dir - straight line The zap hits the two-headed ogre.
The two-headed ogre is moderately wounded.
The zap hits the two-headed ogre.
The two-headed ogre is heavily wounded.
The two-headed ogre completely misses you.
The two-headed ogre barely misses you.
Unknown command.
Casting: Shock (safe; 1% risk of failure)
Confirm with . or Enter, or press ? or * to list all spells.
Aiming: Shock (safe; 1% risk of failure)
Press: ? - help, Shift-Dir - straight line The zap hits the two-headed ogre.
The two-headed ogre is heavily wounded.
The zap misses the two-headed ogre.
Unknown command.
Casting: Shock (safe; 1% risk of failure)
Confirm with . or Enter, or press ? or * to list all spells.
Aiming: Shock (safe; 1% risk of failure)
Press: ? - help, Shift-Dir - straight line The zap hits the two-headed ogre!
The two-headed ogre is severely wounded.
The zap hits the two-headed ogre.
The two-headed ogre is severely wounded.
The two-headed ogre hits you with a +0 giant spiked club!!
The two-headed ogre hits you with a +0 giant club!
Casting: Shock (safe; 1% risk of failure)
Confirm with . or Enter, or press ? or * to list all spells.
Aiming: Shock (safe; 1% risk of failure)
Press: ? - help, Shift-Dir - straight line
Okay, then.
The two-headed ogre hits you with a +0 giant spiked club!!
Ouch! That really hurt!
You die...

######## ########
#......# #......#
#......### #.####.#
#........# #.#
#.### #........#
#.####....
####.@...#
#.#.....## #O....#
#(#.....# ......
#.....# #.#...#.#
..... #.....#
#.###.#.# ....
##.....# #.# #...#
... #......# #.#
##### .O
#......####.# #(
#.#.........#
##.####.#.#.#######


You could see a two-headed ogre.

Vanquished Creatures
  Pikel (D:5)
  Edmund (D:5)
  A water moccasin (D:6)
  An ice beast (D:6)
  An orc warrior (D:7)
  3 black bears
  2 ogres
  A lemure (D:5)
  A phantom (D:6)
  A kobold brigand (D:6)
  A bullfrog (D:5)
  4 scorpions
  2 necrophages
  3 killer bees (D:7)
  A jelly (D:3)
  A gnoll bouda (D:6)
  3 orc priests
  6 hounds
  5 iguanas
  Ijyb (D:5)
  2 orc wizards
  4 gnolls (D:2)
  8 adders
  4 white imps
  An ufetubus (D:5)
  2 worms
  2 dart slugs (D:3)
  17 orcs
  8 endoplasms
  A giant cockroach (D:2)
  2 goblins
  6 hobgoblins
  12 jackals
  7 quokkas
  9 ball pythons
  5 bats
  2 frilled lizards (D:3)
  10 kobolds
  4 rats
146 creatures vanquished.

Notes
Turn   | Place    | Note
-------+----------+-------------------------------------------
     0 | D:1      | ragingrage the Tengu Air Elementalist began the quest for
                  | the Orb.
     0 | D:1      | Reached XP level 1. HP: 10/10 MP: 4/4
   342 | D:1      | Reached XP level 2. HP: 1/15 MP: 4/6
  1022 | D:1      | Reached XP level 3. HP: 19/19 MP: 4/7
  1025 | D:1      | Learned a level 2 spell: Static Discharge
  1029 | D:1      | Learned a level 3 spell: Swiftness
  1254 | D:1      | Found a faded altar of an unknown god.
  1565 | D:2      | Reached skill level 5 in Air Magic
  2275 | D:2      | Reached XP level 4. HP: 20/24 MP: 3/8
  2951 | D:3      | Found a transporter.
  2957 | D:3      | Reached skill level 6 in Air Magic
  2957 | D:3      | Gained mutation: Your magical nature lets you fly swiftly
                  | and evasively. [Tengu growth]
  2957 | D:3      | Reached XP level 5. HP: 28/28 MP: 6/10
  2994 | D:3      | Identified the +0 leather armour of the Hurricane {rPois
                  | rN++ rCorr Str-4}
  3230 | D:3      | Noticed fingers's ghost (novice MiFi)
  3259 | D:3      | Found a transporter.
  3803 | D:3      | Learned a level 4 spell: Airstrike
  4300 | D:4      | Found an iron altar of Okawaru.
  4308 | D:4      | Reached XP level 6. HP: 32/32 MP: 8/11
  4586 | D:5      | Entered Level 5 of the Dungeon
  4595 | D:5      | Noticed Ijyb
  4607 | D:5      | Killed Ijyb
  4608 | D:5      | Reached skill level 7 in Air Magic
  5357 | D:5      | Noticed Edmund
  5382 | D:5      | Killed Edmund
  5383 | D:5      | Reached skill level 8 in Air Magic
  5383 | D:5      | Reached XP level 7. HP: 30/36 MP: 2/13
  5651 | D:5      | Reached skill level 5 in Conjurations
  6107 | D:6      | Found a staircase to the Ecumenical Temple.
  6329 | D:5      | Noticed Pikel
  6339 | D:5      | Killed Pikel
  6340 | D:5      | Reached skill level 5 in Spellcasting
  6340 | D:5      | Reached skill level 10 in Air Magic
  6340 | D:5      | Reached XP level 8. HP: 25/42 MP: 7/16
  6477 | D:5      | Reached skill level 1 in Fighting
  7010 | Temple   | Entered the Ecumenical Temple
  7082 | Temple   | Became a worshipper of Ru the Awakened
  7396 | D:6      | Reached XP level 9. HP: 40/48 MP: 7/18
  7868 | D:6      | Found a runed translucent door.
  7939 | D:6      | Found a runed translucent door.
  7968 | D:6      | Found a hazy altar of Hepliaklqana.
  9265 | D:6      | Noticed fingers's ghost (novice HuBe)
  9485 | D:7      | Gained mutation: You are somewhat unskilled. (-1 Apt) [Ru
                  | sacrifice]
  9485 | D:7      | Reduced skill Stealth to level 1
  9485 | D:7      | Reached * piety under Ru
 10252 | D:7      | Found a broken altar of Ashenzari.
 10512 | D:7      | Found a snail-covered altar of Cheibriados.
 10722 | D:8      | Noticed a two-headed ogre
 10743 | D:8      | Mangled by a two-headed ogre

Illustrated notes

Levels and vault maps discovered:
D:1:      psy_arrival_dodecagon, layout_basic,
          dilly_ecumenical_altar_fadedgnrine
D:2:      wander_river, layout_loops_ring, amethyst_killhole
D:3:      layout_rooms, gammafunk_ghost_stat_death
D:4:      layout_rooms, mainiacjoe_overflow_small_starburst
D:5:      cheibrodos_quashed, layout_basic, minmay_misc_feat_four_crosses,
          uniq_ijyb, uniq_edmund, uniq_pikel
D:6:      minmay_octagon_keep, layout_basic, overflow_temple_1_default,
          temple_fountains, ebering_ghost_sewer_f, grunt_decor_one_mirror,
          minmay_circle_x
D:7:      layout_cave_pools, cheibriados_altar_1, ashenzari_conservatory_becter
D:8:      minmay_curly_fans, layout_basic, grunt_dithmenos_smoke_and_mirrors,
          serial_shops, shop, uniq_gastronok
Temple:   nicolae_temple_superstar

Skill      XL: |  1  2  3  4  5  6  7  8  9 |
---------------+----------------------------+-----
Conjurations   | 2 3 4 5 6 |  6.6
Air Magic      | 5 6 8 10 | 10.3
Spellcasting   | 3 5 |  5.6
Fighting       | 2 3 |  3.3
Dodging        | 3 4 |  4.4
Stealth        | 1 |  1.7

Action                   |  1- 3 |  4- 6 |  7- 9 || total
-------------------------+-------+-------+-------++-------
Melee: Unarmed           |     7 |       |       ||     7
       Kick              |     3 |     4 |     9 ||    16
       Mace              |     7 |       |       ||     7
       Peck              |     1 |     1 |     1 ||     3
       Flail             |       |    13 |       ||    13
       Whip              |       |       |    14 ||    14
       Rapier            |       |       |     4 ||     4
 Cast: Shock             |    89 |   123 |   164 ||   376
       Static Discharge  |       |     3 |    37 ||    40
Invok: Sacrifice Skill   |       |       |     1 ||     1
  Use: Potion            |     1 |       |       ||     1
Armor: Robe              |     4 |       |       ||     4
       Leather armour    |       |     5 |     6 ||    11
Dodge: Dodged            |    22 |    31 |    46 ||    99

Table legend: (Time is in decaauts)
 A = Elapsed time spent in this place.
 B = Non-inter-level travel time spent in this place.
 C = Inter-level travel time spent in this place.
 D = Time resting spent in this place.
 E = Time spent auto-exploring this place.
 F = Levels seen in this place.
 G = Mean time per level.
                   A        B        C        D        E       F      G
               +--------+--------+--------+--------+--------+-----+--------+
         Total |  10402 |  10054 |    348 |   2424 |   6435 |   9 | 1155.8 |
       Dungeon |  10314 |   9988 |    326 |   2424 |   6424 |   8 | 1289.2 |
        Temple |     88 |     66 |     22 |      0 |     10 |   1 |   88.0 |
               +--------+--------+--------+--------+--------+-----+--------+

Top non-repeatable levels by time:
     D:6: 2251 daAuts
     D:5: 2098 daAuts
     D:1: 1592 daAuts
     D:2: 1363 daAuts
     D:7: 1205 daAuts
     D:4: 893 daAuts
     D:3: 849 daAuts
  Temple: 88 daAuts
     D:8: 60 daAuts
